 Dungeon Crawl Stone Soup version 0.28.0-47-ge53b351184 (webtiles) character file.

Game seed: 12557834586058522580

35135 Peloso the Fencer (level 13, 0/122 HPs)
             Began as a Minotaur Fighter on May 5, 2022.
             Was a High Priest of Okawaru.
             Slain by a hog (1 damage)
             ... led by Kirke
             ... while petrified by a catoblepas
             ... on level 4 of the Lair of Beasts.
             The game lasted 00:31:35 (18963 turns).

Peloso the Fencer (Minotaur Fighter)               Turns: 18963, Time: 00:31:35

Health: 0/122      AC:  0    Str: 23    XL:     13   Next: 46%
Magic:  13/13      EV:  3    Int:  5    God:    Okawaru [*****.]
Gold:   1102       SH:  0    Dex: 13    Spells: 12/12 levels left

rFire   . . .      SeeInvis .   (weapon currently unavailable)
rCold   . . .      Faith    .   (shield currently unavailable)
rNeg    + + +      Spirit   .   (armour currently unavailable)
rPois   ∞          Reflect  .   (helmet currently unavailable)
rElec   .          Harm     .   (cloak currently unavailable)
rCorr   .          Rampage  .   (gloves currently unavailable)
Will    .....                   (boots currently unavailable)
Stlth   ++........              (no amulet)
HPRegen 0.30/turn               (ring currently unavailable)
MPRegen 0.13/turn               (ring currently unavailable)

@: pig-form, petrified, slowed, very quick
A: fast, no casting, small, (horns 2), (retaliatory headbutt)
a: Renounce Religion, Heroism, Finesse, Duel


You were on level 4 of the Lair of Beasts.
You worshipped Okawaru.
Okawaru was extremely pleased with you.
You were a filthy swine.
You visited 3 branches of the dungeon, and saw 16 of its levels.
You also visited: Trove, Sewer and Ossuary.

You collected 1102 gold pieces.

Inventory:

Hand Weapons
 a - a +7 double sword of electrocution (melded)
 b - a +3 double sword of electrocution
 c - a +1 scimitar of flaming
 P - a +2 hand crossbow of flaming
 R - the +8 short sword of the Real Monster {venom, *Corrode rElec rC- rN+++}
   (You found it in a treasure trove)

   It poisons the flesh of those it strikes.
   rC:        It makes you vulnerable to cold.
   rElec:     It insulates you from electricity.
   rN:        It renders you almost immune to negative energy.
   *Corrode:  It may corrode you when you take damage.
 S - a +2 vampiric double sword
Missiles
 L - 4 throwing nets (quivered)
Armour
 e - a +0 buckler (melded)
 k - a +0 cloak (melded)
 B - a +0 pair of gloves (melded)
 F - a +4 chain mail of fire resistance (melded)
Jewellery
 g - a ring of resist corrosion
 l - a ring of protection from fire
 m - an amulet of faith
 t - a +6 ring of dexterity (melded)
 u - a +6 ring of dexterity
 A - a ring of fire
 H - a ring of fire
 Q - a ring of see invisible
 V - a ring of ice
 X - a ring of flight
Wands
 i - a wand of flame (31)
 M - a wand of iceblast (19)
 N - a wand of paralysis (6)
 U - a wand of polymorph (7)
 W - a wand of digging (3)
Scrolls
 f - 12 scrolls of teleportation
 j - 2 scrolls of summoning
 r - 3 scrolls of enchant armour
 v - a scroll of blinking
 w - 2 scrolls of immolation
 x - a scroll of fear
 y - 6 scrolls of amnesia
 C - 2 scrolls of fog
 D - 3 scrolls of silence
 E - 5 scrolls of magic mapping
 G - 2 scrolls of enchant weapon
 O - a scroll of identify
 T - a scroll of noise {unknown}
Potions
 d - 2 potions of might
 h - 5 potions of curing
 n - a potion of invisibility
 o - 2 potions of resistance
 p - 6 potions of haste
 q - 2 potions of flight
 s - a potion of mutation
 z - a potion of ambrosia {unknown}
 I - 4 potions of heal wounds
 J - 2 potions of degeneration {unknown}
 Y - a potion of attraction {unknown}
Miscellaneous
 K - a condenser vane


   Skills:
 + Level 13.3 Fighting
 + Level 17.0 Long Blades
 + Level 14.0 Armour
 + Level 6.1 Dodging
 + Level 2.8 Stealth
 + Level 9.3 Shields
 + Level 1.5 Invocations
 + Level 0.9 Evocations


You had 12 spell levels left.
You didn't know any spells.
Your spell library contained the following spells:

 Spells                   Type           Power      Damage    Failure   Level
 Apportation              Tloc           0%         N/A       47%         1
 Freeze                   Ice            0%         1d3       47%         1
 Sting                    Tmut/Pois      0%         1d3       47%         1
 Wereblood                Tmut           0%         N/A       63%         2
 Dazzling Flash           Conj/Hex       0%         N/A       85%         3
 Frozen Ramparts          Ice            0%         1d2       85%         3
 Gell's Gravitas          Tloc           0%         N/A       85%         3
 Ozocubu's Armour         Ice            0%         N/A       85%         3
 Stone Arrow              Conj/Erth      0%         3d7       85%         3
 Teleport Other           Tloc           0%         N/A       85%         3
 Hailstorm                Conj/Ice       0%         3d3       99%         4
 Agony                    Necr           0%         N/A       100%        5
 Alistair's Intoxication  Tmut/Pois      0%         N/A       100%        5
 Metabolic Englaciation   Hex/Ice        0%         N/A       100%        5
 Silence                  Hex/Air        0%         N/A       100%        5
 Yara's Violent Unravell  Hex/Tmut       0%         3d3       100%        5
 Dispersal                Tloc           0%         N/A       100%        6
 Storm Form               Tmut/Air       0%         N/A       100%        7
 Lehudib's Crystal Spear  Conj/Erth      0%         10d2      100%        8
 Animate Skeleton         Necr           Unusable   N/A       N/A         1
 Summon Small Mammal      Summ           Unusable   N/A       N/A         1
 Animate Armour           Summ/Erth      Unusable   N/A       N/A         4
 Simulacrum               Ice/Necr       Unusable   N/A       N/A         6

Dungeon Overview and Level Annotations

Branches:
Dungeon (11/15)            Temple (1/1) D:7            Lair (4/6) D:9
 Shoals (0/4) Lair:3       Spider (0/4) Lair:4          Orc (0/2) D:9
  Sewer (visited)         Ossuary (visited)

Altars:
Ashenzari
Cheibriados
Dithmenos
Fedhas
Hepliaklqana
Kikubaaqudgha
Makhleb
Okawaru
Qazlal
Ru
Sif Muna
Trog
Uskayaw
Vehumet
Xom
The Shining One

Shops:
D:8 :   D:10 *

Annotations:
D:5 2 runed translucent doors
Lair:4 Kirke


Innate Abilities, Weirdness & Mutations

You are a filthy swine.
You move quickly.
You are immune to poison.
Your equipment is almost entirely melded.
You are incapable of wielding weapons or throwing items.
You cannot cast spells.
((You have a pair of horns on your head.))
((You reflexively headbutt those who attack you in melee.))


Message History

Kirke hits you but does no damage.
The death yak gores you but does no damage.
The hog bites you but does no damage.
The sphinx hits you but does no damage. x2
The sphinx hits you. The hog bites you but does no damage. The hog bites you.
Kirke hits you.
The sphinx hits you but does no damage. x2
The sphinx hits you.
* * * LOW HITPOINT WARNING * * *
The death yak gores you!
* * * LOW HITPOINT WARNING * * *
The hog bites you but does no damage. x2; The sphinx hits you.
* * * LOW HITPOINT WARNING * * *
The sphinx hits you but does no damage. The sphinx hits you.
* * * LOW HITPOINT WARNING * * *
Kirke hits you!
* * * LOW HITPOINT WARNING * * *
The hog bites you but does no damage.
The death yak gores you but does no damage.
The hog bites you but does no damage. The hog bites you.
* * * LOW HITPOINT WARNING * * *
The sphinx hits you but does no damage. x3; Kirke hits you!
* * * LOW HITPOINT WARNING * * *
The death yak gores you!
* * * LOW HITPOINT WARNING * * *
The hog bites you but does no damage. x2; The sphinx hits you!
* * * LOW HITPOINT WARNING * * *
The sphinx hits you. The sphinx hits you!
* * * LOW HITPOINT WARNING * * *
Kirke gestures at you while chanting.
You turn into a filthy swine.
Your +7 double sword of electrocution melds into your body.
Your +0 cloak melds into your body.
Your +0 pair of gloves melds into your body.
Your +0 buckler melds into your body.
Your +4 chain mail of fire resistance melds into your body.
Your +6 ring of dexterity melds into your body.
Your +7 double sword of electrocution stops crackling.
You feel less resistant to fire.
You feel clumsy. The hog bites you.
You die... ##........ .. #.......## .. .#.# #.......P# ... .#.## #.......P# #.# .... ........## #.### YY.

........####.#.##YY###
#.......##P..#..#YYH.#
.........##....†#@h#
........##....#HhYh#
........P....###hh##
..........P#...####.
..........P#........
....................
.......#....#....##.
.......##..#######
...........#
'###..#..+.#


You could see Kirke, 2 sphinxes, 2 death yaks, 5 yaks and 4 hogs.

Vanquished Creatures
  A fire dragon (Lair:1)
  Harold (D:9)
  A catoblepas (Lair:4)
  5 hydras
  A centaur warrior (D:11)
  4 two-headed ogres
  Nergalle (D:10)
  An ugly thing (D:9)
  3 elephants (Lair:4)
  A black mamba (Lair:2)
  Maggie (D:6)
  6 cane toads
  5 komodo dragons
  Psyche (D:11)
  3 trolls
  2 hornets
  5 blink frogs (Lair:1)
  4 jumping spiders (Lair:4)
  4 culicivoras (Lair:4)
  3 wyverns
  45 yaks
  Grum (D:9)
  4 basilisks
  2 redbacks (Lair:4)
  A hog (Lair:4)
  2 steam dragons
  Menkaure (D:4)
  12 water moccasins
  Pargi (Sewer)
  A hornet zombie (D:5)
  A sky beast (D:4)
  6 orc warriors
  A black bear (D:3)
  An ice beast (D:5)
  A necrophage (D:5)
  An ogre (D:7)
  20 wolves
  4 centaurs
  3 gnoll sergeants
  16 bullfrogs
  11 scorpions
  A wyvern skeleton (D:5)
  18 killer bees
  An electric eel (D:8)
  3 howler monkeys
  2 jellies
  10 centaur zombies
  2 hounds (D:5)
  2 human zombies (Ossuary)
  A bullfrog skeleton (D:5)
  4 orc priests
  2 centaur skeletons
  2 iguanas
  8 orc wizards
  4 scorpion zombies
  5 hell rats (Lair:3)
  A killer bee zombie (D:7)
  3 mummies (Ossuary)
  15 gnolls
  10 adders
  A river rat (D:11)
  A shadow imp (D:8)
  A white imp (D:6)
  3 ufetubi
  An adder skeleton (D:4)
  3 dart slugs
  29 orcs
  5 ball pythons
  5 endoplasms
  A giant cockroach (D:3)
  6 hobgoblins
  6 jackals
  6 kobolds
  4 quokkas
  6 bats
  5 frilled lizards
  4 gnoll zombies (Ossuary)
  10 goblins
  A goblin zombie (Ossuary)
  2 hobgoblin zombies (Ossuary)
  A kobold zombie (Ossuary)
  2 orc zombies (Ossuary)
  4 rats
389 creatures vanquished.

Vanquished Creatures (others)
  A kobold (D:4)
  A quokka (D:4)
  8 fungi
  6 plants
16 creatures vanquished.

Grand Total: 405 creatures vanquished

Notes
Turn   | Place    | Note
-------+----------+-------------------------------------------
     0 | D:1      | Peloso the Minotaur Fighter began the quest for the Orb.
     0 | D:1      | Reached XP level 1. HP: 19/19 MP: 0/0
   455 | D:1      | Reached XP level 2. HP: 18/27 MP: 1/1
   679 | D:1      | Found a faded altar of an unknown god.
  1296 | D:2      | HP: 1/27 [frozen (5)]
  1327 | D:2      | Reached skill level 3 in Long Blades
  1637 | D:2      | Reached XP level 3. HP: 29/33 MP: 2/2
  2428 | D:3      | Reached XP level 4. HP: 26/40 MP: 3/3
  2807 | D:3      | Noticed a black bear
  2812 | D:3      | Killed a black bear
  2813 | D:3      | Reached skill level 4 in Long Blades
  2813 | D:3      | Reached skill level 5 in Armour
  2813 | D:3      | Reached XP level 5. HP: 47/47 MP: 4/4
  3300 | D:3      | Reached skill level 1 in Dodging
  3320 | D:3      | Reached skill level 5 in Long Blades
  3700 | D:4      | Found a shimmering altar of Xom.
  3702 | D:4      | Found a shadowy altar of Dithmenos.
  3703 | D:4      | Noticed a steam dragon
  3704 | D:4      | Found a stormy altar of Qazlal.
  3705 | D:4      | Found a transporter.
  3706 | D:4      | Noticed a hornet
  3712 | D:4      | Noticed Menkaure
  3713 | D:4      | Noticed an orc warrior
  3879 | D:3      | Reached XP level 6. HP: 53/53 MP: 5/5
  3931 | D:4      | Found a transporter.
  4019 | D:5      | Entered Level 5 of the Dungeon
  4023 | D:5      | Found a shimmering blue altar of Sif Muna.
  4064 | D:5      | Found a broken altar of Ashenzari.
  4159 | D:5      | Found a glowing drain.
  4174 | Sewer    | Entered a sewer
  4203 | Sewer    | Noticed Pargi
  4213 | Sewer    | Killed Pargi
  4616 | D:5      | Reached skill level 6 in Long Blades
  4720 | D:5      | Reached XP level 7. HP: 52/60 MP: 6/6
  4764 | D:5      | Found a large runed translucent door.
  4764 | D:5      | Found a large runed translucent door.
  4773 | D:5      | Found a large runed translucent door.
  4773 | D:5      | Found a large runed translucent door.
  4815 | D:5      | Reached skill level 5 in Fighting
  5097 | D:5      | Reached skill level 7 in Long Blades
  5274 | D:5      | Noticed a yak
  5285 | D:5      | Killed a yak
  5286 | D:5      | Reached XP level 8. HP: 69/69 MP: 7/7
  5291 | D:5      | Identified the +6 lajatang of Zin's Castigation {vorpal,
                  | rElec Will+}
  5348 | D:5      | Reached skill level 5 in Shields
  5517 | D:5      | Reached skill level 8 in Long Blades
  6124 | D:6      | Found a bloodstained altar of Trog.
  6217 | D:6      | Noticed a two-headed ogre
  6233 | D:6      | Killed a two-headed ogre
  6234 | D:6      | Reached skill level 9 in Long Blades
  6234 | D:6      | Reached skill level 1 in Stealth
  6234 | D:6      | Reached XP level 9. HP: 32/78 MP: 8/8
  6830 | D:6      | Reached skill level 10 in Long Blades
  7064 | D:6      | Noticed Maggie
  7071 | D:6      | Killed Maggie
  7917 | D:7      | Reached skill level 11 in Long Blades
  8128 | D:7      | Found a staircase to the Ecumenical Temple.
  8142 | Temple   | Entered the Ecumenical Temple
  8150 | Temple   | Became a worshipper of Warmaster Okawaru
  8337 | D:7      | Reached XP level 10. HP: 78/86 MP: 9/9
  8690 | D:8      | Found a blossoming altar of Fedhas.
  8709 | D:8      | Found a sand-covered staircase.
  8732 | Ossuary  | Entered an ossuary
  8887 | Ossuary  | Reached * piety under Okawaru
  9230 | Ossuary  | Reached skill level 12 in Long Blades
  9403 | D:8      | Noticed a two-headed ogre
  9420 | D:8      | Killed a two-headed ogre
  9420 | D:8      | Reached ** piety under Okawaru
  9421 | D:8      | Reached skill level 10 in Armour
  9652 | D:8      | Found a hazy altar of Hepliaklqana.
 10032 | D:8      | Found Haroamem's Book Boutique.
 10258 | D:8      | Reached skill level 5 in Dodging
 10752 | D:4      | Killed Menkaure
 10769 | D:4      | Reached skill level 13 in Long Blades
 10827 | D:4      | Reached *** piety under Okawaru
 11388 | D:5      | Reached XP level 11. HP: 97/97 MP: 7/10
 11414 | D:5      | Identified the +4 glaive "Embalmer" {freeze, +Blink rElec}
 11526 | D:9      | Found a glowing golden altar of the Shining One.
 11534 | D:9      | Noticed Harold
 11543 | D:9      | Killed Harold
 11561 | D:9      | Found a radiant altar of Vehumet.
 11563 | D:9      | Noticed Grum
 11586 | D:9      | Noticed a red ugly thing
 11589 | D:9      | Killed Grum
 11604 | D:9      | Killed a red ugly thing
 11773 | D:9      | Reached skill level 1 in Invocations
 11792 | D:9      | Reached **** piety under Okawaru
 12054 | D:9      | Found a snail-covered altar of Cheibriados.
 12266 | D:9      | Reached skill level 14 in Long Blades
 12272 | D:9      | Found a staircase to the Lair.
 12329 | D:9      | Reached skill level 10 in Fighting
 12466 | D:9      | Found a staircase to the Orcish Mines.
 12542 | D:9      | Found an ancient bone altar of Kikubaaqudgha.
 12600 | D:9      | Reached ***** piety under Okawaru
 12688 | D:9      | Found a sacrificial altar of Ru.
 12799 | D:10     | Entered Level 10 of the Dungeon
 13016 | D:10     | Found a portal to a secret trove of treasure.
 13020 | D:10     | Noticed Nergalle
 13022 | Trove    | Entered a treasure trove
 13034 | Trove    | Identified the +6 great sword "Xudwosox" {venom, rPois rF+}
 13035 | Trove    | Identified the +8 great sword of Ruination {vamp, Dex+4}
 13109 | Trove    | Identified the +8 short sword of the Real Monster {venom,
                  | *Corrode rElec rC- rN+++}
 13186 | D:10     | Killed Nergalle
 13425 | D:10     | Found Vaoxzy's Neck Hole.
 13630 | D:11     | Noticed a centaur warrior
 13639 | D:11     | Killed a centaur warrior
 13822 | D:11     | Noticed a two-headed ogre
 13836 | D:11     | Killed a two-headed ogre
 13837 | D:11     | Reached XP level 12. HP: 68/108 MP: 11/11
 14135 | D:11     | Noticed Psyche
 14176 | D:11     | Killed Psyche
 14412 | D:11     | Noticed a two-headed ogre
 14421 | D:11     | Killed a two-headed ogre
 14422 | D:11     | Reached skill level 15 in Long Blades
 14825 | Lair:1   | Entered Level 1 of the Lair of Beasts
 15201 | Lair:1   | Noticed a seven-headed hydra
 15209 | Lair:1   | Killed a two-headed hydra
 15324 | Lair:1   | Noticed a seven-headed hydra
 15338 | Lair:1   | Killed a two-headed hydra
 15539 | Lair:1   | Found the +4 robe of Augmentation {Str+4 Int+4 Dex+4}
 15745 | Lair:1   | Reached skill level 16 in Long Blades
 15850 | Lair:1   | Noticed a fire dragon
 15867 | Lair:1   | Killed a fire dragon
 16676 | Lair:2   | Noticed a six-headed hydra
 16686 | Lair:2   | Killed a one-headed hydra
 16687 | Lair:2   | Reached XP level 13. HP: 97/119 MP: 13/13
 16822 | Lair:2   | Got the Volume of Transmigration
 17591 | Lair:3   | Found a staircase to the Shoals.
 18119 | Lair:4   | Found a hole to the Spider Nest.
 18699 | Lair:4   | Received a gift from Okawaru
 18767 | Lair:4   | Reached skill level 17 in Long Blades
 18937 | Lair:4   | Noticed Kirke
 18949 | Lair:4   | Noticed a sphinx
 18957 | Lair:4   | Noticed a sphinx
 18963 | Lair:4   | HP: 4/122 [sphinx[Kirke] (6)]
 18963 | Lair:4   | HP: 1/122 [sphinx[Kirke] (3)]
 18963 | Lair:4   | Slain by a hog

Illustrated notes

Levels and vault maps discovered:
D:1:      dpeg_chamrin_arrival_tetris, layout_basic,
          ebering_ecumenical_altar_sacrificial
D:2:      layout_basic, minmay_stone_trees_medium, minmay_fountain_box
D:3:      layout_loops_ring, minmay_puff
D:4:      layout_cave_pools, lemuel_tele_altar, gammafunk_temple_overflow_arena,
          uniq_menkaure
D:5:      layout_loops_corners, nicolae_overflow_crystal_walls,
          cheibrodos_ashenzari_chains, portal_sewer_entry_d,
          minmay_hollow_rounded_squares
D:6:      layout_loops_corners, trog_book, hangedman_decor_growths, uniq_maggie
D:7:      layout_basic, minmay_temple_entry_overgrown
D:8:      layout_loops_ring, nicolae_hepliaklqana_hazy_memory,
          mainiacjoe_overflow_tiny_flanked, chequers_ossuary_entry_cave,
          serial_shops, shop, lightli_minifort
D:9:      layout_loops_ring, mainiacjoe_overflow_cross_hatched,
          mainiacjoe_overflow_concentric_impassable, old_standard_altar,
          mainiacjoe_overflow_boulevard, marbit_many_paths,
          grunt_lair_entry_orc_guard_hut, minivault_26, uniq_harold, uniq_grum
D:10:     layout_gridville, enter_trove_1, nicolae_shop_sticking_my_neck_out,
          uniq_nergalle
D:11:     layout_cave_pods, pond, uniq_psyche
Temple:   dpeg_three_leaves_temple
Lair:1:   dragon1_lemuel, layout_gridlike, cheibrodos_lair_caveside_slide,
          dreamdust_deal_with_the_devil, beast_lair_carwin_9
Lair:2:   layout_big_grid, chequers_serial_rivers_large_a, minivault_23
Lair:3:   layout_misc_corridors, shoals_dummy_entry
Lair:4:   beast_lair_carwin_large_1, layout_cave_pods,
          nicolae_spider_entry_tight_spaces, minivault_11, uniq_kirke

Skill      XL: |  1  2  3  4  5  6  7  8  9 10 11 12 13 |
---------------+----------------------------------------+-----
Fighting       | 4 5 6 7 9 10 12 13 | 13.3
Armour         | 4 5 6 7 9 10 12 13 14 | 14.0
Long Blades    | 3 4 5 6 7 9 11 13 14 16 17 | 17.0
Shields        | 4 5 6 7 8 9 |  9.3
Dodging        | 1 2 3 4 5 6 |  6.1
Stealth        | 1 2 |  2.8
Invocations    | 1 |  1.5
Evocations     | |  0.9

Action                   |  1- 3 |  4- 6 |  7- 9 | 10-12 | 13-15 || total
-------------------------+-------+-------+-------+-------+-------++-------
Melee: Long sword        |    89 |   109 |   145 |       |       ||   343
       Headbutt          |     7 |    10 |    47 |   116 |    41 ||   221
       Scimitar          |       |       |    67 |   389 |    10 ||   466
       Double sword      |       |       |       |   214 |   149 ||   363
Invok: Heroism           |       |       |       |     5 |     1 ||     6
Evoke: Wand              |       |       |     3 |       |       ||     3
  Use: Scroll            |     3 |     4 |       |    10 |     1 ||    18
       Potion            |     2 |     4 |     1 |     1 |     1 ||     9
Armor: Scale mail        |    44 |    53 |    64 |    22 |       ||   183
       Chain mail        |       |       |    10 |   217 |   158 ||   385
Dodge: Dodged            |    46 |    45 |    81 |   222 |    84 ||   478
Block: Buckler           |    13 |    31 |    49 |   165 |    54 ||   312
